 Dungeon Crawl Stone Soup version 0.20.1-1-g8b1a95d (webtiles) character file.

98186 vatarom the Summoner (level 15, -12/120 HPs)
             Began as a Demonspawn Summoner on Oct 10, 2017.
             Was the Champion of Ashenzari.
             Mangled by a two-headed ogre
             ... wielding a +0 giant club
              (21 damage)
             ... on level 15 of the Dungeon on Oct 11, 2017.
             The game lasted 01:15:50 (26865 turns).

vatarom the Summoner (Demonspawn Summoner)         Turns: 26865, Time: 01:15:50

Health: -12/120    AC: 10    Str: 12    XL:     15   Next: 74%
Magic:  26/39      EV: 18    Int: 19    God:    Ashenzari [******]
Gold:   485        SH:  0    Dex: 14    Spells: 1/37 levels left

rFire    + . .     SeeInvis +   X - +5 glaive (elec)
rCold    + . .     Gourm    .   (shield currently unavailable)
rNeg     . . .     Faith    +   H - +0 robe {rC+ rF+}
rPois    .         Spirit   .   E - +1 hat (curse)
rElec    .         Reflect  .   (no cloak)
rCorr    .         Harm     .   R - +0 pair of gloves (curse)
MR       ++...     Clarity  +   (boots unavailable)
Stlth    ++........             h - amulet of faith (curse)
Regen    0.3/turn               f - ring of magical power (curse)
MPRegen  0.3/turn               P - +3 ring of protection

@: no status effects
A: hooves 3, horns 1, yellow scales 2, magic resistance 1, sense surroundings 1,
spiny 2, rot immunity
a: Curse Item, Scrying, Transfer Knowledge, Renounce Religion


You were on level 15 of the Dungeon.
You worshipped Ashenzari.
Ashenzari was exalted by your worship.
You were very hungry.

You visited 3 branches of the dungeon, and saw 22 of its levels.
You also visited: Ossuary.

You collected 1735 gold pieces.
You spent 1250 gold pieces at shops.

Inventory:

Hand Weapons
 X - a +5 glaive of electrocution (weapon)
Armour
 c - the +1 pair of boots of Makhleb's Pride {*Drain rN+ Int+3 SInv}
   (You found it on level 14 of the Dungeon)

   It affects your intelligence (+3).
   It protects you from negative energy.
   It lets you see invisible.
   It causes draining when unequipped.
 g - a cursed +1 pair of boots
 E - a cursed +1 hat (worn)
 H - a +0 robe of resistance (worn)
 R - a cursed +0 pair of gloves (worn)
Jewellery
 b - an uncursed amulet of the gourmand
 f - a cursed ring of magical power (left hand)
 h - a cursed amulet of faith (around neck)
 j - a +5 ring of evasion
 P - a +3 ring of protection (right hand)
Wands
 a - a wand of polymorph (11/24)
 k - a wand of clouds (2/9)
 G - a wand of clouds (0/9)
 J - a wand of digging (10/24)
 L - a wand of disintegration (19/24)
 Q - a wand of iceblast (9/15)
Scrolls
 d - 10 scrolls of teleportation
 q - 2 scrolls of amnesia
 r - 4 scrolls of magic mapping
 s - 2 scrolls of recharging
 t - 3 scrolls of fog
 u - 2 scrolls of immolation
 A - 2 scrolls of identify
 F - a scroll of enchant weapon
 K - a scroll of remove curse
 M - a scroll of fear
Potions
 e - a potion of resistance
 l - 3 potions of berserk rage
 m - 8 potions of curing
 n - a potion of ambrosia
 o - 2 potions of might
 p - 2 potions of magic
 w - a potion of agility
 x - a potion of flight
 B - 2 potions of brilliance
 N - a potion of haste
Books
 y - a book of Summonings

   Spells                             Type                      Level
   a - Recall                         Summoning/Translocation      3
   b - Aura of Abjuration             Summoning                    5
   c - Summon Demon                   Summoning                    5
   d - Summon Forest                  Summoning/Translocation      5
   e - Summon Mana Viper              Hexes/Summoning              5
   f - Shadow Creatures               Summoning                    6
 I - vatarom's Incunabulum of Companions
   (You acquired it on level 11 of the Dungeon)

   Spells                             Type                      Level
   a - Call Imp                       Summoning                    2
   b - Summon Mana Viper              Hexes/Summoning              5
   c - Aura of Abjuration             Summoning                    5
   d - Malign Gateway                 Summoning/Translocation      7
 T - a Grand Grimoire

   Spells                             Type                      Level
   a - Monstrous Menagerie            Summoning                    7
   b - Summon Greater Demon           Summoning                    7
   c - Malign Gateway                 Summoning/Translocation      7
   d - Summon Horrible Things         Summoning                    8
Miscellaneous
 i - a lamp of fire
Comestibles
 v - 7 meat rations
 z - 19 fruits
 C - 13 royal jellies
 D - a bread ration


   Skills:
 + Level 11.8 Fighting
 + Level 10.1 Polearms
 - Level 5.0 Armour
 * Level 9.1 Dodging
 - Level 1.8 Stealth
 * Level 11.9 Spellcasting
 + Level 13.2(15.9) Summonings
 - Level 2.6(5.1) Ice Magic
 - Level 4.0(6.8) Air Magic


You had one spell level left.
You knew the following spells:

 Your Spells              Type           Power        Failure   Level  Hunger
a - Summon Small Mammal   Summ           ####         0%          1    None
b - Summon Forest         Summ/Tloc      #####.....   6%          5    ####...
c - Call Canine Familiar  Summ           ######..     1%          3    None
d - Summon Ice Beast      Ice/Summ       ######..     1%          4    ##.....
e - Summon Lightning Spi  Summ/Air       ######..     1%          4    ##.....
f - Summon Mana Viper     Hex/Summ       #####...     6%          5    ####...
g - Summon Hydra          Summ           ######....   8%          7    #######
h - Monstrous Menagerie   Summ           ######....   8%          7    #######


Dungeon Overview and Level Annotations

Branches:
Dungeon (15/15)            Temple (1/1) D:5            Lair (6/6) D:8
  Swamp (0/4) Lair:4        Snake (0/4) Lair:4        Slime (0/5) Lair:6
    Orc (0/2) D:9          Vaults (0/5) D:14         Depths (0/5) D:15

Altars:
Ashenzari
Cheibriados
Dithmenos
Elyvilon
Fedhas
Gozag
Hepliaklqana
Kikubaaqudgha
Makhleb
Nemelex Xobeh
Okawaru
Qazlal
Ru
Sif Muna
Trog
Uskayaw
Vehumet
Xom
Yredelemnul
Zin
The Shining One
Jiyva
Lugonu

Shops:
D:5 :   D:9 (   D:13 :


Innate Abilities, Weirdness & Mutations

You have hooves in place of feet.
You are mostly covered in yellow scales. (AC +3)
You are mostly covered in sharp spines.
You are immune to rotting.
You have a pair of small horns on your head.
You are resistant to hostile enchantments. (MR+)
You passively map a small area around you.


Message History

Your five-headed hydra bites the ogre mage. x2
Your five-headed hydra bites the ogre mage! x2
The ogre mage dies!
Your five-headed hydra bites the two-headed ogre.
Casting: Summon Hydra
Confirm with . or Enter, or press ? or * to list all spells.
A four-headed hydra appears.
You are feeling very hungry.
The two-headed ogre completely misses you.
The two-headed ogre hits you with a dire flail of protection.
* * * LOW HITPOINT WARNING * * *
The two-headed ogre is struck by your spines.
The two-headed ogre misses you.
The two-headed ogre hits you with a dire flail of protection!
* * * LOW HITPOINT WARNING * * *
You barely miss the two-headed ogre. You kick the two-headed ogre.
The two-headed ogre is severely wounded.
The two-headed ogre is struck by your spines.
The two-headed ogre hits you with a giant club!!
You die...

#####* ##########################
...[. .........................#
♣#♣#♣##.########...############.#
........########................#
................................#
.......─*.......................#
.......######............########
.......÷.)....D..........######≈≈
...)....).)..)DO@.............#≈_
*..).......).............)....#,
...#♣♣###.(††.....#############,
...♣#####...†.....†......,, , ,,
........(................ ,, ∆*,≈
..#♣##########.########.. ***** ,
.. #.# , ..* #.# , * *,, .. #.♣
*,, *≈,


You could see a two-headed ogre, a friendly five-headed hydra and a friendly
four-headed hydra.

Vanquished Creatures
  A hydra (Lair:2)
  A catoblepas (Lair:6)
  A queen ant (Lair:5)
  An ogre mage (D:15)
  A tengu warrior (D:14)
  9 two-headed ogres
  3 death yaks (Lair:6)
  3 unseen horrors
  A necromancer (D:14)
  2 manticores
  3 ugly things
  7 black mambas
  A torpor snail (Lair:6)
  5 spiny frogs
  A yaktaur (D:15)
  6 komodo dragons
  7 trolls
  5 slime creatures
  8 dream sheep
  2 hippogriffs
  A meliai zombie (D:15)
  8 blink frogs
  2 shadows
  2 vampires (D:14)
  24 yaks
  5 wraiths
  A wyvern (Lair:6)
  The ghost of Ymberti the Shield-Bearer, an amateur HOFi of Beogh (D:8)
  A basilisk (Lair:6)
  3 steam dragons
  3 vampire mosquitoes (Lair:4)
  3 hungry ghosts
  Edmund (D:6)
  4 soldier ants (Lair:5)
  An acid dragon (D:13)
  5 water moccasins
  A hell hound (D:8)
  10 porcupines
  7 ice beasts
  4 sky beasts
  An orc warrior (D:14)
  An eye of draining (D:12)
  2 ogres
  2 phantoms (D:9)
  7 crocodiles
  8 centaurs
  3 wolves
  A big kobold (D:8)
  13 bullfrogs
  2 scorpions (D:11)
  6 killer bees
  An electric eel (Lair:3)
  6 centaur zombies
  3 crimson imps
  A bullfrog zombie (D:8)
  3 quasits
  6 hounds
  2 bullfrog skeletons (D:13)
  5 orc priests
  4 jellies
  A centaur skeleton (D:11)
  An orc wizard (D:10)
  An iguana (D:10)
  23 worker ants
  A killer bee zombie (D:7)
  A big kobold zombie (Ossuary)
  4 ogre zombies
  A hound skeleton (D:4)
  A hound zombie (D:6)
  A mummy (Ossuary)
  A worker ant zombie (D:8)
  11 adders
  2 shadow imps
  An ooze (D:3)
  3 adder zombies (Ossuary)
  An adder skeleton (D:6)
  A dart slug (D:4)
  3 leopard geckos
  13 orcs
  2 giant cockroaches
  A gnoll zombie (Ossuary)
  2 goblins (D:2)
  3 hobgoblins
  5 jackals
  A quokka (D:7)
  2 ball pythons
  2 bats (D:1)
  2 frilled lizards
  9 goblin zombies (Ossuary)
  3 hobgoblin zombies
  5 kobolds
  4 kobold zombies (Ossuary)
  An orc skeleton (D:9)
  8 orc zombies (D:9)
  A quokka skeleton (D:8)
  2 quokka zombies (Ossuary)
  A rat (D:3)
  3 rat zombies (Ossuary)
  A fungus (Lair:5)
  2 plants (Lair:4)
363 creatures vanquished.

Vanquished Creatures (collateral kills)
  Agnes (D:15)
  2 entropy weavers (Lair:5)
  An ogre mage (D:15)
  Josephine (D:12)
  Harold (Lair:2)
  3 hydras
  2 catoblepae (Lair:6)
  9 two-headed ogres
  10 death yaks
  7 ugly things (D:15)
  7 oklob plants
  A deep elf mage (D:15)
  2 cyclopes (D:13)
  A manticore (Lair:6)
  2 black mambas
  A gargoyle (D:13)
  8 spiny frogs
  5 komodo dragons
  2 polar bears (Lair:3)
  A tengu conjurer (D:14)
  3 meliai (D:15)
  3 hornets
  Grinder (D:3)
  The ghost of Frank the Ducker, an amateur OpFi (D:4)
  Prince Ribbit (Lair:3)
  8 blink frogs
  4 slime creatures
  7 dream sheep
  4 hippogriffs
  A shadow (D:15)
  2 wyverns (D:12)
  34 yaks
  The ghost of matthes123 the Chopper, an amateur MiFi (D:3)
  2 basilisks (Lair:5)
  A vampire mosquito (Lair:4)
  A hungry ghost (D:9)
  6 nagas (Lair:4)
  5 soldier ants (Lair:5)
  3 acid dragons
  10 water moccasins
  2 porcupines
  An ice beast (D:8)
  2 orc warriors
  2 black bears (Lair:3)
  A hell hound (D:8)
  3 phantoms
  A necrophage (D:7)
  3 ogres
  9 wolves
  5 crocodiles
  8 centaurs
  2 big kobolds (D:8)
  7 bullfrogs
  A scorpion (D:4)
  12 killer bees
  A troll zombie (D:9)
  A crimson imp (D:8)
  A howler monkey (D:7)
  2 centaur zombies
  3 orc priests
  2 hounds
  3 iguanas
  5 orc wizards
  14 worker ants
  5 hell rats (Lair:3)
  2 ogre zombies (D:9)
  6 mummies (Ossuary)
  3 adders
  4 worms
  2 dart slugs
  12 orcs
  A ball python (D:1)
  5 bats
  2 giant cockroaches (D:2)
  5 goblins
  A hobgoblin (D:2)
  2 jackals (D:1)
  6 kobolds
  2 frilled lizards
  A goblin zombie (D:9)
  An orc skeleton (D:9)
  7 orc zombies (D:9)
  7 rats
  A fungus (Lair:5)
  6 plants (Lair:4)
337 creatures vanquished.

Vanquished Creatures (others)
  4 fungi
  9 plants
  4 snaplasher vines (D:15)
17 creatures vanquished.

Grand Total: 717 creatures vanquished

Notes
Turn   | Place    | Note
-------+----------+-------------------------------------------
     0 | D:1      | vatarom the Demonspawn Summoner began the quest for the Orb.
     0 | D:1      | Reached XP level 1. HP: 13/13 MP: 3/3
   631 | D:1      | Gained mutation: You are partially covered in yellow scales. (AC +2) [demonic ancestry]
   631 | D:1      | Reached XP level 2. HP: 20/20 MP: 5/5
   645 | D:1      | Reached skill level 1 in Fighting
   718 | D:1      | Learned a level 2 spell: Call Imp
  1235 | D:2      | Found a glowing golden altar of the Shining One.
  1235 | D:2      | Found a burning altar of Makhleb.
  1350 | D:2      | Found a shadowy altar of Dithmenos.
  1555 | D:2      | Reached XP level 3. HP: 23/26 MP: 1/6
  1686 | D:2      | Found a faded altar of an unknown god.
  2532 | D:3      | Gained mutation: You passively map a small area around you. [potion of mutation]
  2532 | D:3      | Gained mutation: You are resistant to hostile enchantments. (MR+) [potion of mutation]
  2532 | D:3      | Gained mutation: You have a pair of small horns on your head. [potion of mutation]
  2543 | D:3      | Gained mutation: You are partially covered in sharp spines. [demonic ancestry]
  2543 | D:3      | Reached XP level 4. HP: 18/33 MP: 8/8
  2771 | D:3      | Learned a level 3 spell: Call Canine Familiar
  3062 | D:3      | Noticed Grinder
  3086 | D:3      | Killed Grinder
  3086 | D:3      | Gained mutation: You are mostly covered in sharp spines. [demonic ancestry]
  3086 | D:3      | Reached XP level 5. HP: 36/41 MP: 7/10
  3210 | D:3      | Learned a level 4 spell: Summon Ice Beast
  3277 | D:3      | Noticed matthes123's ghost (amateur MiFi)
  3290 | D:3      | Killed matthes123's ghost
  3290 | D:3      | Reached skill level 1 in Ice Magic
  3290 | D:3      | Reached XP level 6. HP: 47/47 MP: 7/11
  3688 | D:4      | Reached skill level 5 in Summonings
  3724 | D:4      | Found a sand-covered staircase.
  3782 | Ossuary  | Entered an ossuary
  4027 | Ossuary  | Gained mutation: You are immune to rotting. [demonic ancestry]
  4027 | Ossuary  | Reached XP level 7. HP: 47/53 MP: 13/13
  4251 | D:4      | Noticed Frank's ghost (amateur OpFi)
  4262 | D:4      | Killed Frank's ghost
  4330 | D:4      | Learned a level 4 spell: Summon Lightning Spire
  4469 | D:4      | Found a blossoming altar of Fedhas.
  4857 | D:5      | Entered Level 5 of the Dungeon
  5152 | D:5      | Found Taphomil's Book Boutique.
  5167 | D:5      | Reached skill level 6 in Summonings
  5167 | D:5      | Reached skill level 1 in Air Magic
  5254 | D:5      | Noticed a steam dragon
  5256 | D:5      | Noticed a steam dragon
  5527 | D:5      | Found a staircase to the Ecumenical Temple.
  5532 | Temple   | Entered the Ecumenical Temple
  5593 | D:5      | Killed a steam dragon
  5828 | D:5      | Found a sparkling altar of Nemelex Xobeh.
  5829 | D:5      | Found an opulent altar of Gozag.
  5835 | D:5      | Reached XP level 8. HP: 61/61 MP: 15/15
  6045 | D:6      | Noticed Edmund
  6057 | D:6      | Killed Edmund
  6203 | D:6      | Reached skill level 5 in Spellcasting
  6304 | D:6      | Reached skill level 7 in Summonings
  6333 | D:6      | Reached skill level 5 in Fighting
  6904 | D:7      | Found a stormy altar of Qazlal.
  6908 | D:7      | Found a shattered altar of Ashenzari.
  6909 | D:7      | Found a bloodstained altar of Trog.
  6916 | D:7      | Became a worshipper of Ashenzari the Shackled
  6973 | D:7      | Reached skill level 1 in Polearms
  7002 | D:7      | Reached XP level 9. HP: 68/68 MP: 17/17
  7020 | D:7      | Identified Orablipp's Handbook of Dusty Attacks
  7388 | D:8      | Noticed Ymberti's ghost (amateur HOFi)
  7401 | D:8      | Killed Ymberti's ghost
  7435 | D:8      | Found a white marble altar of Elyvilon.
  7490 | D:8      | Found a basalt altar of Yredelemnul.
  7540 | D:8      | Found a staircase to the Lair.
  7555 | D:8      | Noticed a two-headed ogre
  7581 | D:8      | Killed a two-headed ogre
  8121 | D:8      | Reached skill level 8 in Summonings
  8276 | D:8      | Noticed a three-headed hydra
  8293 | D:8      | Killed a three-headed hydra
  8293 | D:8      | Gained mutation: You are mostly covered in yellow scales. (AC +3) [demonic ancestry]
  8293 | D:8      | Reached XP level 10. HP: 30/79 MP: 5/19
  8796 | D:8      | Found an ancient bone altar of Kikubaaqudgha.
  8803 | D:8      | Found a deep blue altar of Sif Muna.
  8805 | D:8      | Found a radiant altar of Vehumet.
  8809 | D:8      | Identified Vehumet's Grimoire of Confrontation
  8890 | D:9      | Found Biotinah's Antique Weapon Boutique.
  8951 | D:9      | Found a staircase to the Orcish Mines.
  8998 | D:9      | Reached skill level 5 in Polearms
  9171 | D:9      | Reached * piety under Ashenzari
  9557 | D:9      | Noticed a two-headed ogre
  9575 | D:9      | Killed a two-headed ogre
  9646 | D:9      | Noticed an angel
  9648 | D:9      | Found a shimmering altar of Xom.
  9648 | D:9      | Found a glowing silver altar of Zin.
  9651 | D:9      | Noticed a two-headed ogre
  9692 | D:9      | Killed a two-headed ogre
  9780 | D:9      | Found a hazy altar of Hepliaklqana.
 10290 | D:10     | Entered Level 10 of the Dungeon
 10303 | D:10     | Noticed a two-headed ogre
 10309 | D:10     | Killed a two-headed ogre
 10329 | D:10     | Killed an unseen horror
 10786 | D:10     | Reached skill level 9 in Summonings
 11516 | D:11     | Reached ** piety under Ashenzari
 11580 | D:11     | Reached XP level 11. HP: 85/87 MP: 21/21
 11726 | D:11     | Noticed a two-headed ogre
 11735 | D:11     | Killed a two-headed ogre
 11847 | D:11     | Killed an unseen horror
 11875 | D:11     | Identified a scroll of acquirement
 11878 | D:11     | Identified vatarom's Incunabulum of Companions (You acquired it on level 11 of the Dungeon)
 11885 | D:11     | Learned a level 5 spell: Summon Mana Viper
 12183 | D:11     | Noticed a white ugly thing
 12189 | D:11     | Killed a white ugly thing
 12553 | Lair:1   | Entered Level 1 of the Lair of Beasts
 12553 | Lair:1   | Reached *** piety under Ashenzari
 12820 | Lair:1   | Reached skill level 1 in Armour
 12895 | Lair:1   | Identified Xenug's Guide on the Birds and Damage Dealing (You acquired it on level 1 of the Lair of Beasts)
 13585 | Lair:2   | Noticed a five-headed hydra
 13590 | Lair:2   | Killed a five-headed hydra
 13658 | Lair:2   | Noticed Harold
 13667 | Lair:2   | Killed Harold
 13667 | Lair:2   | Reached skill level 10 in Summonings
 13998 | Lair:2   | Noticed a seven-headed hydra
 14016 | Lair:2   | Killed a seven-headed hydra
 14103 | Lair:2   | Reached **** piety under Ashenzari
 14792 | Lair:2   | Found a shimmering altar of Xom.
 14853 | Lair:2   | HP: 4/89 [centaur/arrow (13)]
 15259 | Lair:3   | Noticed Prince Ribbit
 15271 | Lair:3   | Killed Prince Ribbit
 15411 | Lair:3   | Learned a level 7 spell: Summon Hydra
 15464 | Lair:3   | Reached ***** piety under Ashenzari
 15512 | Lair:3   | Reached XP level 12. HP: 35/96 MP: 11/24
 15788 | Lair:3   | Noticed a five-headed hydra
 15795 | Lair:3   | Killed a five-headed hydra
 16082 | Lair:3   | Noticed a death yak
 16084 | Lair:3   | Noticed a death yak
 16086 | Lair:3   | Noticed a death yak
 16087 | Lair:3   | Noticed a death yak
 16100 | Lair:3   | Killed a death yak
 16103 | Lair:3   | Killed a death yak
 16118 | Lair:3   | Killed a death yak
 16124 | Lair:3   | Killed a death yak
 16307 | Lair:3   | Reached skill level 11 in Summonings
 16536 | Lair:4   | Found a staircase to the Swamp.
 16669 | Lair:4   | Reached skill level 10 in Fighting
 16678 | Lair:4   | Found a staircase to the Snake Pit.
 17154 | D:9      | Bought a glaive for 130 gold pieces
 18421 | Lair:5   | Noticed a queen ant
 18421 | Lair:5   | Noticed an entropy weaver
 18421 | Lair:5   | Noticed an entropy weaver
 18442 | Lair:5   | Reached skill level 12 in Summonings
 18462 | Lair:5   | Killed an entropy weaver
 18630 | Lair:5   | Gained mutation: You have large cloven feet. [demonic ancestry]
 18630 | Lair:5   | Reached XP level 13. HP: 91/104 MP: 26/26
 18792 | Lair:5   | Killed an entropy weaver
 19382 | Lair:5   | Reached skill level 5 in Armour
 19587 | Lair:6   | Entered Level 6 of the Lair of Beasts
 19612 | Lair:5   | Reached skill level 5 in Dodging
 20732 | Lair:6   | Reached skill level 10 in Spellcasting
 20913 | Lair:6   | Got the spear of Cheese {drain, MR+}
 20914 | Lair:6   | Identified the +10 spear of Cheese {drain, MR+} (You found it on level 6 of the Lair of Beasts)
 21246 | Lair:6   | Found a viscous altar of Jiyva.
 21247 | Lair:6   | Found a staircase to the Slime Pits.
 22873 | D:12     | Gained mutation: You have hoof-like feet. [demonic ancestry]
 22873 | D:12     | Reached XP level 14. HP: 105/113 MP: 28/28
 23404 | D:13     | Noticed Josephine
 23411 | D:12     | Killed Josephine
 23441 | D:13     | Reached ****** piety under Ashenzari
 23843 | D:13     | Learned a level 7 spell: Monstrous Menagerie
 24360 | D:13     | Found Retzeunoawn's Book Emporium.
 24363 | D:13     | Bought a book of Summonings for 1120 gold pieces
 24403 | D:14     | Identified the +1 pair of boots of Makhleb's Pride {*Drain rN+ Int+3 SInv}
 25183 | D:14     | Found a gate to the Vaults.
 25302 | D:14     | Reached skill level 13 in Summonings
 25448 | D:15     | Entered Level 15 of the Dungeon
 25484 | D:15     | Gained mutation: You have hooves in place of feet. [demonic ancestry]
 25484 | D:15     | Reached XP level 15. HP: 28/119 MP: 28/30
 25710 | D:15     | Learned a level 5 spell: Summon Forest
 25724 | D:15     | Noticed Agnes
 25734 | D:15     | Killed Agnes
 26032 | D:15     | Reached skill level 10 in Polearms
 26865 | D:15     | Mangled by a two-headed ogre

Skill      XL: |  1  2  3  4  5  6  7  8  9 10 11 12 13 14 15 |
---------------+----------------------------------------------+-----
Fighting       | 1 2 3 4 5 7 8 9 10 11 | 11.8
Spellcasting   | 3 4 5 6 7 8 9 10 11 | 11.9
Ice Magic      | 1 2 |  2.6
Summonings     | 5 6 7 8 9 10 12 13 | 13.2
Air Magic      | 1 4 |  4.0
Polearms       | 1 4 5 7 8 9 10 | 10.1
Dodging        | 4 6 8 9 |  9.1
Armour         | 3 4 5 |  5.0
Stealth        | |  1.8

Action                   |  1- 3 |  4- 6 |  7- 9 | 10-12 | 13-15 || total
-------------------------+-------+-------+-------+-------+-------++-------
Melee: Unarmed           |     8 |       |       |       |       ||     8
       Whip              |    34 |       |       |       |       ||    34
       Dagger            |    65 |    20 |       |       |       ||    85
       Spear             |       |    17 |       |       |       ||    17
       Headbutt          |       |    19 |    31 |    60 |    47 ||   157
       Trident           |       |    72 |   211 |   397 |       ||   680
       Glaive            |       |       |       |    76 |   403 ||   479
       Kick              |       |       |       |       |     4 ||     4
 Cast: Summon Small Mamm |    28 |     5 |       |       |       ||    33
       Call Imp          |    24 |    12 |     8 |       |       ||    44
       Call Canine Famil |       |     9 |    12 |    18 |     4 ||    43
       Summon Ice Beast  |       |       |    13 |    84 |    27 ||   124
       Summon Lightning  |       |       |    20 |    75 |    11 ||   106
       Summon Mana Viper |       |       |       |    10 |     7 ||    17
       Summon Hydra      |       |       |       |     4 |    37 ||    41
       Monstrous Menager |       |       |       |       |    10 ||    10
       Summon Forest     |       |       |       |       |     6 ||     6
Invok: Curse Item        |       |       |     3 |     3 |       ||     6
Evoke: Wand              |       |       |     1 |       |     1 ||     2
  Use: Scroll            |     5 |     4 |     5 |    14 |    13 ||    41
       Potion            |     3 |       |     4 |     4 |    10 ||    21
 Stab: Sleeping          |     5 |    13 |     7 |    16 |    10 ||    51
       Distracted        |       |       |     6 |     9 |     6 ||    21
  Eat: Chunk             |     7 |     2 |    10 |    22 |    17 ||    58
       Bread ration      |       |     2 |     2 |     6 |     5 ||    15
       Royal jelly       |       |     1 |     1 |       |       ||     2
       Meat ration       |       |       |       |     2 |     3 ||     5
       Fruit             |       |       |       |     2 |     3 ||     5
Armor: Robe              |    39 |    22 |    37 |    71 |    86 ||   255
Dodge: Dodged            |    83 |    37 |   105 |   197 |   356 ||   778
